Condors vs Rocket
(R1)
Created - May 28, 2021 at 19:51
Goals
|
Condors |
1 |
0 |
2 |
3 |
Rocket |
0 |
0 |
2 |
2 |
|
Shots
|
Condors |
9 |
9 |
11 |
29 |
Rocket |
20 |
8 |
5 |
33 |
|
1st period
1. Condors , Daniel Zaar 5 (Stephane Da Costa 7, Zac Leslie 7) at 9:52
Penalties :
Adam Erne (Bak) for Hooking (Minor) at 1:26, Brian Dumoulin (Lav) for Hooking (Minor) at 5:20, Alex Tuch (Bak) for Holding (Minor) at 13:00
2nd period
No Goal
Penalties :
Zac Leslie (Bak) for Hooking (Minor) at 0:48, Brett Lernout (Bak) for Roughing (Minor) at 6:58, Daniel Zaar (Bak) for Hooking (Minor) at 10:38, Tyler Bozak (Bak) for Tripping (Minor) at 11:34, Tyler Bozak (Bak) for Interference (Minor) at 16:47, Eric Gustafsson (Bak) for Tripping (Minor) at 19:12
3rd period
2. Rocket , Adrian Kempe 6 (Danton Heinen 5, Brian Dumoulin 5) at 0:14 (PP)
3. Rocket , Dominic Turgeon 1 (Alex Petrovic 9, Brian Dumoulin 6) at 4:53
4. Condors , Nail Yakupov 6 (Tyler Bozak 13, Eric Gustafsson 4) at 5:49
5. Condors , Nail Yakupov 7 (Carl Gunnarsson 8, Tyler Bozak 14) at 18:35 (PP)
Penalties :
Carl Gunnarsson (Bak) for Holding Stick (Minor) at 6:11, Andrey Pedan (Lav) for Holding (Minor) at 18:00, Eric Gustafsson (Bak) for Roughing (Minor) at 19:44
Goalie Stats
Mark Visentin (Bak), 31 saves from 33 shots - (0.939), W, 5-1-0, 60:00 minutes
Jean-Francois Berube (Lav), 26 saves from 29 shots - (0.897), L, 7-3-0, 58:45 minutes
Players Stats for Condors
Player Name G A P +/- PIM S H SB GA TA FO MP PP MP PK MP
------------------------------------------------------------------------------------
Adam Erne 0 0 0 -1 2 0 0 0 0 0 0/0 6:51 0:00 0:00
Alex Tuch 0 0 0 1 2 1 0 0 0 0 1/3 13:23 1:31 0:00
Anton Slepyshev 0 0 0 0 0 0 1 0 0 1 1/1 11:27 1:03 0:00
Brett Lernout 0 0 0 -1 2 0 1 0 1 0 0/0 17:02 0:00 7:26
C.J Suess 0 0 0 -1 0 0 1 0 0 0 0/0 4:53 0:00 0:00
Carl Gunnarsson 0 1 1 1 2 1 1 0 1 0 0/0 24:35 1:48 6:18
Chris Bigras 0 0 0 1 0 0 0 1 0 1 0/0 12:20 0:46 0:00
Christian Thomas 0 0 0 1 0 1 0 0 0 1 0/0 13:04 0:00 1:26
Daniel Zaar 1 0 1 1 2 3 0 0 0 0 0/0 16:23 0:00 4:24
Emil Djuse 0 0 0 0 0 0 0 0 0 0 0/0 7:05 0:00 0:31
Eric Gustafsson 0 1 1 1 4 2 3 0 0 0 0/0 24:57 0:46 8:11
Frederik Gauthier 0 0 0 0 0 0 1 0 0 1 8/17 19:02 1:03 8:08
Gustav Olofsson 0 0 0 -1 0 0 0 0 0 0 0/0 16:14 0:00 4:10
Kasperi Kapanen 0 0 0 0 0 2 1 1 0 0 0/0 11:08 1:31 0:00
Mark Jankowski 0 0 0 -1 0 5 0 0 0 0 2/4 13:49 0:00 6:06
Nail Yakupov 2 0 2 1 0 8 2 2 0 0 1/1 22:11 1:03 8:01
Stephane Da Costa 0 1 1 1 0 4 3 0 0 0 2/6 11:28 0:00 0:21
Tyler Bozak 0 2 2 1 4 2 1 0 1 1 16/22 16:57 1:31 2:42
Zac Leslie 0 1 1 1 2 0 1 0 0 0 0/0 19:52 1:48 5:36
Players Stats for Rocket
Player Name G A P +/- PIM S H SB GA TA FO MP PP MP PK MP
------------------------------------------------------------------------------------
Adrian Kempe 1 0 1 -1 0 4 1 0 0 0 0/0 21:28 8:54 0:00
Alex Petrovic 0 1 1 1 0 1 0 1 1 0 0/0 26:54 9:19 1:05
Andrei Mironov 0 0 0 -1 0 4 0 1 0 1 0/0 20:31 6:47 0:12
Andrey Pedan 0 0 0 -1 2 0 0 0 0 1 0/0 11:40 0:00 0:21
Anthony Nigro 0 0 0 0 0 0 0 1 0 0 2/6 11:19 0:12 1:33
Brian Dumoulin 0 2 2 1 2 2 3 1 0 0 0/0 26:23 9:19 0:35
Corey Trivino 0 0 0 -1 0 4 5 0 0 0 13/29 22:52 8:54 0:31
Danton Heinen 0 1 1 0 0 1 4 0 0 0 1/3 17:12 8:54 0:00
Dean Kukan 0 0 0 -1 0 0 0 0 0 0 0/0 13:06 0:00 1:48
Dominic Turgeon 1 0 1 0 0 1 1 1 1 0 1/3 7:37 0:00 0:00
Jakub Vrana 0 0 0 0 0 3 0 0 0 0 0/0 7:37 0:00 0:00
Jonathan Matsumoto 0 0 0 0 0 1 1 0 0 1 6/11 17:28 7:03 0:30
Mattias Tedenby 0 0 0 -1 0 1 3 1 1 0 0/2 20:45 7:03 0:00
Nick Ritchie 0 0 0 0 0 4 4 1 0 0 0/0 16:03 7:00 0:21
Tom Wilson 0 0 0 0 0 4 1 0 0 0 0/0 11:53 0:00 0:50
Ty Rattie 0 0 0 0 0 1 0 0 0 0 0/0 9:19 0:09 0:00
Tyler Pitlick 0 0 0 0 0 1 1 1 2 0 0/0 13:53 0:09 1:23
Viktor Loov 0 0 0 -1 0 1 0 1 0 0 0/0 21:24 6:47 1:07
3 Stars
1 - Nail Yakupov (Bak)
2 - Mark Visentin (Bak)
3 - Stephane Da Costa (Bak)
Power Play
Condors - 1 on 2 Attempt(s) - 50.00%
Rocket - 1 on 10 Attempt(s) - 10.00%
Penalty Kill
Condors - 9 on 10 Attempt(s) - 90.00%
- Score 0 goal in Penalty Kill
Rocket - 1 on 2 Attempt(s) - 50.00%
- Score 0 goal in Penalty Kill
Team Stat
Condors - Hits : 16 - Faceoff Wins : 31 - Blocked Shots : 4 - Penalty Minutes : 20
Rocket - Hits : 24 - Faceoff Wins : 23 - Blocked Shots : 9 - Penalty Minutes : 4
Official
Referees : Unknown
Linesman : Unknown
Game Notes
No Game Note
Finance
Level 1 -- Attendance: 2000 (100.00%) -- Ticket Income $40,000
Level 2 -- Attendance: 1000 (100.00%) -- Ticket Income $13,000
Total Attendance: 3000 (100.00%)
Total Ticket Income: $53,000
Other Income: $2,650
Total Income: $55,650
Condors
5 vs 5 Forward
Center Left Wing Right Wing Time % Phy DF OF
1 Tyler Bozak Alex Tuch Nail Yakupov 40 1 2 2
2 Frederik Gauthier Anton Slepyshev Kasperi Kapanen 30 1 2 2
3 Stephane Da Costa Christian Thomas Daniel Zaar 20 1 2 2
4 Mark Jankowski C.J Suess Adam Erne 10 1 2 2
5 vs 5 Defense
Defense Defense Time % Phy DF OF
1 Carl Gunnarsson Eric Gustafsson 40 1 2 2
2 Zac Leslie Chris Bigras 30 1 2 2
3 Brett Lernout Gustav Olofsson 20 1 2 2
4 Gustav Olofsson Emil Djuse 10 1 2 2
PowerPlay Forward
Center Left Wing Right Wing Time % Phy DF OF
1 Frederik Gauthier Anton Slepyshev Nail Yakupov 60 1 2 2
2 Tyler Bozak Alex Tuch Kasperi Kapanen 40 1 2 2
PowerPlay Defense
Defense Defense Time % Phy DF OF
1 Carl Gunnarsson Zac Leslie 60 1 2 2
2 Chris Bigras Eric Gustafsson 40 1 2 2
Penalty Kill 4 Players Forward
Center Wing Time % Phy DF OF
1 Frederik Gauthier Nail Yakupov 60 1 2 2
2 Mark Jankowski Daniel Zaar 40 1 2 2
Penalty Kill 4 Players Defense
Defense Defense Time % Phy DF OF
1 Brett Lernout Eric Gustafsson 60 1 2 2
2 Carl Gunnarsson Zac Leslie 40 1 2 2
Penalty Kill - 3 Players Forward
Forward Time % Phy DF OF
1 Tyler Bozak 60 1 2 2
2 Nail Yakupov 40 1 2 2
Penalty Kill - 3 Players Defense
Defense Defense Time % Phy DF OF
1 Carl Gunnarsson Eric Gustafsson 60 1 2 2
2 Zac Leslie Emil Djuse 40 1 2 2
4 vs 4 Forward
Center Wing Time % Phy DF OF
1 Tyler Bozak Nail Yakupov 60 1 2 2
2 Mark Jankowski Anton Slepyshev 40 1 2 2
4 vs 4 Defense
Defense Defense Time % Phy DF OF
1 Carl Gunnarsson Eric Gustafsson 60 1 2 2
2 Zac Leslie Brett Lernout 40 1 2 2
Last Minutes Offensive
Center Left Wing Right Wing Defense Defense
Tyler Bozak Anton Slepyshev Nail Yakupov Carl Gunnarsson Eric Gustafsson
Last Minutes Defensive
Center Left Wing Right Wing Defense Defense
Tyler Bozak Anton Slepyshev Nail Yakupov Carl Gunnarsson Eric Gustafsson
Goaltenders
Starting : Mark Visentin
Backup : Ilya Samsonov
Extra Forwards
Normal : Mark Jankowski, Alex Tuch, Tyler Bozak - PP : Mark Jankowski, Alex Tuch - PK : Tyler Bozak
Extra Defensemen
Normal : Brett Lernout, Emil Djuse, Gustav Olofsson - PP : Emil Djuse - PK : Brett Lernout, Gustav Olofsson
Penalty Shots
Daniel Zaar, Tyler Bozak, Kasperi Kapanen, Alex Tuch, Anton Slepyshev
Scratches
Louis Leblanc (Healthy), Erik Cernak (Healthy), Caleb Jones (Sprained Left Knee Injury), Nick Merkley (Healthy), Cole Cassels (Healthy)
Jordan Subban (Healthy), Jeremy Gregoire (Healthy), Connor Hurley (Healthy), Remi Elie (Healthy), Brett Ritchie (Healthy)
Anders Bjork (Healthy), Hunter Smith (Healthy), Jack Campbell (Healthy)
Rocket
5 vs 5 Forward
Center Left Wing Right Wing Time % Phy DF OF
1 Corey Trivino Adrian Kempe Mattias Tedenby 40 0 2 3
2 Jonathan Matsumoto Tyler Pitlick Tom Wilson 30 0 2 3
3 Anthony Nigro Nick Ritchie Danton Heinen 25 0 2 3
4 Dominic Turgeon Jakub Vrana Ty Rattie 5 0 3 2
5 vs 5 Defense
Defense Defense Time % Phy DF OF
1 Alex Petrovic Brian Dumoulin 40 1 2 2
2 Viktor Loov Andrei Mironov 30 1 2 2
3 Dean Kukan Andrey Pedan 20 1 2 2
4 Alex Petrovic Brian Dumoulin 10 1 2 2
PowerPlay Forward
Center Left Wing Right Wing Time % Phy DF OF
1 Corey Trivino Adrian Kempe Danton Heinen 60 0 1 4
2 Jonathan Matsumoto Nick Ritchie Mattias Tedenby 40 0 1 4
PowerPlay Defense
Defense Defense Time % Phy DF OF
1 Brian Dumoulin Alex Petrovic 60 0 2 3
2 Viktor Loov Andrei Mironov 40 0 2 3
Penalty Kill 4 Players Forward
Center Wing Time % Phy DF OF
1 Anthony Nigro Tyler Pitlick 60 1 2 2
2 Corey Trivino Tom Wilson 40 1 2 2
Penalty Kill 4 Players Defense
Defense Defense Time % Phy DF OF
1 Dean Kukan Brian Dumoulin 60 1 2 2
2 Viktor Loov Alex Petrovic 40 1 2 2
Penalty Kill - 3 Players Forward
Forward Time % Phy DF OF
1 Corey Trivino 60 1 2 2
2 Anthony Nigro 40 1 2 2
Penalty Kill - 3 Players Defense
Defense Defense Time % Phy DF OF
1 Alex Petrovic Dean Kukan 60 1 2 2
2 Brian Dumoulin Viktor Loov 40 1 2 2
4 vs 4 Forward
Center Wing Time % Phy DF OF
1 Mattias Tedenby Tyler Pitlick 60 1 2 2
2 Tom Wilson Corey Trivino 40 1 2 2
4 vs 4 Defense
Defense Defense Time % Phy DF OF
1 Brian Dumoulin Alex Petrovic 60 1 2 2
2 Viktor Loov Dean Kukan 40 1 2 2
Last Minutes Offensive
Center Left Wing Right Wing Defense Defense
Mattias Tedenby Tyler Pitlick Tom Wilson Brian Dumoulin Alex Petrovic
Last Minutes Defensive
Center Left Wing Right Wing Defense Defense
Mattias Tedenby Tyler Pitlick Tom Wilson Brian Dumoulin Alex Petrovic
Goaltenders
Starting : Jean-Francois Berube
Backup : Joni Ortio
Extra Forwards
Normal : Tyler Pitlick, Mattias Tedenby, Corey Trivino - PP : Anthony Nigro, Mattias Tedenby - PK : Tom Wilson
Extra Defensemen
Normal : Alex Petrovic, Brian Dumoulin, Viktor Loov - PP : Alex Petrovic - PK : Alex Petrovic, Brian Dumoulin
Penalty Shots
Tyler Pitlick, Mattias Tedenby, Corey Trivino, Anthony Nigro, Tom Wilson
Scratches
Peter Holland (Sports Hernia Injury), Mason Appleton (Healthy), Guillaume Brisebois (Healthy), Tyler Lewington (Healthy), Jiri Sekac (Healthy)
Daniel Sprong (Healthy), Tobias Lindberg (Healthy), Scott Glennie (Healthy), Charles Hudon (Healthy), Sergey Tolchinsky (Healthy)
Jack Glover (Healthy), Ryan MacInnis (Healthy)
% Time on Ice - Condors
Lines # - Real PCT - Wanted PCT - Time Play
Normal Forward
1 - 32% - 40% - 13:02
2 - 29% - 30% - 11:36
3 - 27% - 20% - 11:01
4 - 12% - 10% - 4:53
Normal Defense
1 - 38% - 40% - 15:29
2 - 33% - 30% - 13:24
3 - 20% - 20% - 8:04
4 - 9% - 10% - 3:35
PP Forward
1 - 41% - 60% - 1:03
2 - 59% - 40% - 1:31
PP Defense
1 - 70% - 60% - 1:48
2 - 30% - 40% - 0:46
PK Forward
1 - 68% - 60% - 10:12
2 - 32% - 40% - 4:51
PK Defense
1 - 57% - 60% - 8:36
2 - 43% - 40% - 6:27
PK3 Forward
1 - 100% - 60% - 1:03
2 - 0% - 40% - 0:00
PK3 Defense
1 - 92% - 60% - 0:58
2 - 8% - 40% - 0:05
44 Forward
1 - 0% - 60%
2 - 0% - 40%
44 Defense
1 - 0% - 60%
2 - 0% - 40%
Last Minute Offensive - 0:00
Last Minute Defensive - 0:48
Total
Forward - 60:00
Defense - 60:00
|
% Time on Ice - Rocket
Lines # - Real PCT - Wanted PCT - Time Play
Normal Forward
1 - 35% - 40% - 14:17
2 - 26% - 30% - 10:23
3 - 20% - 25% - 8:16
4 - 19% - 5% - 7:37
Normal Defense
1 - 39% - 40% - 15:48
2 - 33% - 30% - 13:17
3 - 27% - 20% - 11:05
4 - 1% - 10% - 0:23
PP Forward
1 - 56% - 60% - 9:03
2 - 44% - 40% - 7:03
PP Defense
1 - 58% - 60% - 9:19
2 - 42% - 40% - 6:47
PK Forward
1 - 80% - 60% - 2:03
2 - 20% - 40% - 0:31
PK Defense
1 - 84% - 60% - 2:09
2 - 16% - 40% - 0:25
PK3 Forward
1 - 0% - 60%
2 - 0% - 40%
PK3 Defense
1 - 0% - 60%
2 - 0% - 40%
44 Forward
1 - 0% - 60%
2 - 0% - 40%
44 Defense
1 - 0% - 60%
2 - 0% - 40%
Last Minute Offensive - 0:47
Last Minute Defensive - 0:00
Total
Forward - 60:00
Defense - 60:00
|
Play-by-Play
1st period
0:01 of 1st period - Tyler Bozak wins face-off versus Corey Trivino in neutral zone.
0:34 of 1st period - Snap shot by Tom Wilson.
0:34 of 1st period - Shot Blocked by Kasperi Kapanen.
0:56 of 1st period - Snap shot by Stephane Da Costa.
0:56 of 1st period - Stopped by Jean-Francois Berube with a rebound.
1:16 of 1st period - Slapshot by Jakub Vrana.
1:16 of 1st period - Stopped by Mark Visentin with a rebound.
1:18 of 1st period - Slapshot by Jakub Vrana.
1:18 of 1st period - Stopped by Mark Visentin with a rebound.
1:20 of 1st period - Wrist shot by Dominic Turgeon.
1:20 of 1st period - Deflect By Jakub Vrana.
1:20 of 1st period - Stopped by Mark Visentin with a rebound.
1:26 of 1st period - Minor Penalty to Adam Erne for Hooking.
1:27 of 1st period - Corey Trivino wins face-off versus Frederik Gauthier in Condors zone.
3:26 of 1st period - Penalty to Adam Erne is over, Adam Erne is back on ice.
3:28 of 1st period - Wrist shot by Daniel Zaar.
3:28 of 1st period - Shot Misses the Net.
3:45 of 1st period - Snap shot by Daniel Zaar.
3:45 of 1st period - Shot Misses the Net.
3:47 of 1st period - Snap shot by Daniel Zaar.
3:47 of 1st period - Shot Blocked by Brian Dumoulin.
3:49 of 1st period - Wrist shot by Daniel Zaar.
3:49 of 1st period - Stopped by Jean-Francois Berube with a rebound.
3:59 of 1st period - Wrist shot by Mark Jankowski.
3:59 of 1st period - Stopped by Jean-Francois Berube without a rebound.
4:00 of 1st period - Jonathan Matsumoto wins face-off versus Tyler Bozak in Rocket zone.
5:01 of 1st period - Snap shot by Viktor Loov.
5:01 of 1st period - Stopped by Mark Visentin with a rebound.
5:03 of 1st period - Slapshot by Andrei Mironov.
5:03 of 1st period - Stopped by Mark Visentin without a rebound.
5:04 of 1st period - Jonathan Matsumoto wins face-off versus Mark Jankowski in Condors zone.
5:20 of 1st period - Minor Penalty to Brian Dumoulin for Hooking.
5:21 of 1st period - Anton Slepyshev wins face-off versus Anthony Nigro in Rocket zone.
5:34 of 1st period - Slapshot by Anton Slepyshev.
5:34 of 1st period - Shot Misses the Net.
5:36 of 1st period - Snap shot by Frederik Gauthier.
5:36 of 1st period - Shot Misses the Net.
5:48 of 1st period - Snap shot by Kasperi Kapanen.
5:48 of 1st period - Shot Blocked by Tyler Pitlick.
7:08 of 1st period - Snap shot by Nick Ritchie.
7:08 of 1st period - Stopped by Mark Visentin with a rebound.
7:20 of 1st period - Penalty to Brian Dumoulin is over, Brian Dumoulin is back on ice.
7:32 of 1st period - Snap shot by Stephane Da Costa.
7:32 of 1st period - Shot Misses the Net.
7:34 of 1st period - Snap shot by Christian Thomas.
7:34 of 1st period - Deflect By Daniel Zaar.
7:34 of 1st period - Shot Misses the Net.
7:34 of 1st period - Puck is out of play.
7:35 of 1st period - Stephane Da Costa wins face-off versus Corey Trivino in Rocket zone.
7:58 of 1st period - Brett Lernout is hit by Tyler Pitlick and loses puck.
8:11 of 1st period - Adam Erne is hit by Brian Dumoulin.
8:15 of 1st period - Jonathan Matsumoto is hit by C.J Suess and loses puck.
8:26 of 1st period - Slapshot by Tom Wilson.
8:26 of 1st period - Stopped by Mark Visentin with a rebound.
8:30 of 1st period - Snap shot by Tyler Pitlick.
8:30 of 1st period - Deflect By Adam Erne.
8:30 of 1st period - Shot Misses the Net.
8:30 of 1st period - Puck is out of play.
8:31 of 1st period - Corey Trivino wins face-off versus Tyler Bozak in Condors zone.
9:17 of 1st period - Wrist shot by Ty Rattie.
9:17 of 1st period - Shot Misses the Net.
9:19 of 1st period - Wrist shot by Jakub Vrana.
9:19 of 1st period - Deflect By Ty Rattie.
9:19 of 1st period - Shot Misses the Net.
9:19 of 1st period - Puck is out of play.
9:20 of 1st period - Dominic Turgeon wins face-off versus Tyler Bozak in Condors zone.
9:21 of 1st period - Wrist shot by Ty Rattie.
9:21 of 1st period - Shot Blocked by Chris Bigras.
9:52 of 1st period - Slapshot by Daniel Zaar.
9:52 of 1st period - Goal by Daniel Zaar - Condors : 1 - Rocket : 0.
9:53 of 1st period - Corey Trivino wins face-off versus Alex Tuch in neutral zone.
10:19 of 1st period - Carl Gunnarsson is hit by Danton Heinen and loses puck.
10:37 of 1st period - Off-side.
10:38 of 1st period - Jonathan Matsumoto wins face-off versus Stephane Da Costa in neutral zone.
11:09 of 1st period - Wrist shot by Adrian Kempe.
11:09 of 1st period - Stopped by Mark Visentin with a rebound.
11:12 of 1st period - Icing by Zac Leslie.
11:13 of 1st period - Tyler Bozak wins face-off versus Danton Heinen in Condors zone.
11:23 of 1st period - Slapshot by Tyler Bozak.
11:23 of 1st period - Shot Misses the Net.
11:29 of 1st period - Wrist shot by Nail Yakupov.
11:29 of 1st period - Shot Misses the Net.
11:31 of 1st period - Snap shot by Zac Leslie.
11:31 of 1st period - Shot Misses the Net.
11:33 of 1st period - Slapshot by Tyler Bozak.
11:33 of 1st period - Shot Blocked by Nick Ritchie.
11:35 of 1st period - Snap shot by Tyler Bozak.
11:35 of 1st period - Stopped by Jean-Francois Berube without a rebound.
11:36 of 1st period - Frederik Gauthier wins face-off versus Corey Trivino in Rocket zone.
12:01 of 1st period - Carl Gunnarsson is hit by Tom Wilson and loses puck.
12:34 of 1st period - Dean Kukan is hit by Tyler Bozak and loses puck.
12:47 of 1st period - Snap shot by Ty Rattie.
12:47 of 1st period - Stopped by Mark Visentin with a rebound.
12:49 of 1st period - Slapshot by Andrei Mironov.
12:49 of 1st period - Stopped by Mark Visentin with a rebound.
12:51 of 1st period - Slapshot by Andrei Mironov.
12:51 of 1st period - Stopped by Mark Visentin without a rebound.
12:52 of 1st period - Corey Trivino wins face-off versus Alex Tuch in Condors zone.
12:53 of 1st period - Wrist shot by Adrian Kempe.
12:53 of 1st period - Stopped by Mark Visentin with a rebound.
13:00 of 1st period - Minor Penalty to Alex Tuch for Holding.
13:01 of 1st period - Frederik Gauthier wins face-off versus Corey Trivino in Condors zone.
13:01 of 1st period - Frederik Gauthier is hit by Corey Trivino.
13:40 of 1st period - Wrist shot by Danton Heinen.
13:40 of 1st period - Stopped by Mark Visentin with a rebound.
13:42 of 1st period - Slapshot by Alex Petrovic.
13:42 of 1st period - Deflect By Daniel Zaar.
13:42 of 1st period - Stopped by Mark Visentin without a rebound.
13:43 of 1st period - Frederik Gauthier wins face-off versus Jonathan Matsumoto in Condors zone.
13:54 of 1st period - Nail Yakupov is hit by Nick Ritchie and loses puck.
15:00 of 1st period - Penalty to Alex Tuch is over, Alex Tuch is back on ice.
15:25 of 1st period - Wrist shot by Tom Wilson.
15:25 of 1st period - Stopped by Mark Visentin with a rebound.
15:27 of 1st period - Slapshot by Andrei Mironov.
15:27 of 1st period - Stopped by Mark Visentin with a rebound.
16:38 of 1st period - Anthony Nigro is hit by Nail Yakupov and loses puck.
16:58 of 1st period - Icing by Eric Gustafsson.
16:59 of 1st period - Mark Jankowski wins face-off versus Dominic Turgeon in Condors zone.
17:09 of 1st period - Wrist shot by Mark Jankowski.
17:09 of 1st period - Stopped by Jean-Francois Berube without a rebound.
17:10 of 1st period - Tyler Bozak wins face-off versus Corey Trivino in Rocket zone.
17:11 of 1st period - Snap shot by Nail Yakupov.
17:11 of 1st period - Stopped by Jean-Francois Berube with a rebound.
17:13 of 1st period - Slapshot by Gustav Olofsson.
17:13 of 1st period - Deflect By Nail Yakupov.
17:13 of 1st period - Shot Misses the Net.
17:13 of 1st period - Puck is out of play.
17:14 of 1st period - Nail Yakupov wins face-off versus Mattias Tedenby in Rocket zone.
17:17 of 1st period - Backhand shot by Nail Yakupov.
17:17 of 1st period - Stopped by Jean-Francois Berube without a rebound.
17:18 of 1st period - Tyler Bozak wins face-off versus Corey Trivino in Rocket zone.
17:33 of 1st period - Slapshot by Adrian Kempe.
17:33 of 1st period - Stopped by Mark Visentin without a rebound.
17:34 of 1st period - Jonathan Matsumoto wins face-off versus Frederik Gauthier in Condors zone.
17:41 of 1st period - Snap shot by Tyler Pitlick.
17:41 of 1st period - Stopped by Mark Visentin with a rebound.
17:43 of 1st period - Wrist shot by Jonathan Matsumoto.
17:43 of 1st period - Shot Misses the Net.
17:45 of 1st period - Wrist shot by Jonathan Matsumoto.
17:45 of 1st period - Stopped by Mark Visentin without a rebound.
17:46 of 1st period - Corey Trivino wins face-off versus Tyler Bozak in Condors zone.
18:11 of 1st period - Tyler Pitlick is hit by Stephane Da Costa and loses puck.
18:36 of 1st period - Nick Ritchie is hit by Anton Slepyshev and loses puck.
18:43 of 1st period - Slapshot by Anton Slepyshev.
18:43 of 1st period - Shot Misses the Net.
18:47 of 1st period - Slapshot by Kasperi Kapanen.
18:47 of 1st period - Stopped by Jean-Francois Berube with a rebound.
19:07 of 1st period - Slapshot by Nick Ritchie.
19:07 of 1st period - Stopped by Mark Visentin without a rebound.
19:08 of 1st period - Tyler Bozak wins face-off versus Corey Trivino in Condors zone.
Goals for this period are 1 for Condors vs 0 for Rocket.
Shots for this period are 9 for Condors vs 20 for Rocket.
2nd period
0:01 of 2nd period - Tyler Bozak wins face-off versus Corey Trivino in neutral zone.
0:41 of 2nd period - Snap shot by Corey Trivino.
0:41 of 2nd period - Stopped by Mark Visentin without a rebound.
0:42 of 2nd period - Jonathan Matsumoto wins face-off versus Tyler Bozak in Condors zone.
0:48 of 2nd period - Minor Penalty to Zac Leslie for Hooking.
0:49 of 2nd period - Corey Trivino wins face-off versus Frederik Gauthier in Condors zone.
0:51 of 2nd period - Slapshot by Brian Dumoulin.
0:51 of 2nd period - Deflect By Eric Gustafsson.
0:51 of 2nd period - Stopped by Mark Visentin with a rebound.
1:41 of 2nd period - Frederik Gauthier is hit by Corey Trivino and loses puck.
2:14 of 2nd period - Corey Trivino is hit by Eric Gustafsson and loses puck.
2:33 of 2nd period - Carl Gunnarsson is hit by Nick Ritchie and loses puck.
2:48 of 2nd period - Penalty to Zac Leslie is over, Zac Leslie is back on ice.
2:48 of 2nd period - Mattias Tedenby is hit by Carl Gunnarsson and loses puck.
3:17 of 2nd period - Wrist shot by Mark Jankowski.
3:17 of 2nd period - Shot Misses the Net.
5:02 of 2nd period - Andrey Pedan is hit by Zac Leslie and loses puck.
5:15 of 2nd period - Anthony Nigro is hit by Eric Gustafsson and loses puck.
5:32 of 2nd period - Icing by Nick Ritchie.
5:33 of 2nd period - Tyler Bozak wins face-off versus Anthony Nigro in Rocket zone.
5:36 of 2nd period - Snap shot by Nail Yakupov.
5:36 of 2nd period - Stopped by Jean-Francois Berube with a rebound.
5:38 of 2nd period - Wrist shot by Alex Tuch.
5:38 of 2nd period - Stopped by Jean-Francois Berube with a rebound.
6:08 of 2nd period - Kasperi Kapanen is hit by Brian Dumoulin.
6:23 of 2nd period - Zac Leslie is hit by Mattias Tedenby and loses puck.
6:47 of 2nd period - Viktor Loov is hit by Brett Lernout and loses puck.
6:58 of 2nd period - Minor Penalty to Brett Lernout for Roughing.
6:59 of 2nd period - Frederik Gauthier wins face-off versus Corey Trivino in Condors zone.
6:59 of 2nd period - Frederik Gauthier is hit by Brian Dumoulin.
7:11 of 2nd period - Snap shot by Danton Heinen.
7:11 of 2nd period - Shot Misses the Net.
7:13 of 2nd period - Snap shot by Corey Trivino.
7:13 of 2nd period - Stopped by Mark Visentin with a rebound.
8:58 of 2nd period - Penalty to Brett Lernout is over, Brett Lernout is back on ice.
9:35 of 2nd period - Dominic Turgeon is hit by Frederik Gauthier and loses puck.
10:02 of 2nd period - Wrist shot by Mark Jankowski.
10:02 of 2nd period - Stopped by Jean-Francois Berube with a rebound.
10:04 of 2nd period - Wrist shot by Mark Jankowski.
10:04 of 2nd period - Stopped by Jean-Francois Berube with a rebound.
10:06 of 2nd period - Slapshot by Gustav Olofsson.
10:06 of 2nd period - Deflect By Mark Jankowski.
10:06 of 2nd period - Shot Misses the Net.
10:06 of 2nd period - Puck is out of play.
10:07 of 2nd period - Stephane Da Costa wins face-off versus Jonathan Matsumoto in Rocket zone.
10:26 of 2nd period - Chris Bigras is hit by Corey Trivino and loses puck.
10:31 of 2nd period - Wrist shot by Mattias Tedenby.
10:31 of 2nd period - Shot Misses the Net.
10:38 of 2nd period - Minor Penalty to Daniel Zaar for Hooking.
10:39 of 2nd period - Corey Trivino wins face-off versus Frederik Gauthier in Condors zone.
10:41 of 2nd period - Wrist shot by Danton Heinen.
10:41 of 2nd period - Shot Blocked by Nail Yakupov.
10:43 of 2nd period - Slapshot by Brian Dumoulin.
10:43 of 2nd period - Stopped by Mark Visentin without a rebound.
10:44 of 2nd period - Frederik Gauthier wins face-off versus Corey Trivino in Condors zone.
11:11 of 2nd period - Slapshot by Eric Gustafsson.
11:11 of 2nd period - Shot Blocked by Mattias Tedenby.
11:15 of 2nd period - Wrist shot by Mark Jankowski.
11:15 of 2nd period - Stopped by Jean-Francois Berube without a rebound.
11:16 of 2nd period - Mark Jankowski wins face-off versus Corey Trivino in Rocket zone.
11:34 of 2nd period - Minor Penalty to Tyler Bozak for Tripping.
11:35 of 2nd period - Corey Trivino wins face-off versus Mark Jankowski in Condors zone.
11:39 of 2nd period - Snap shot by Corey Trivino.
11:39 of 2nd period - Stopped by Mark Visentin with a rebound.
11:45 of 2nd period - Wrist shot by Danton Heinen.
11:45 of 2nd period - Deflect By Corey Trivino.
11:45 of 2nd period - Stopped by Mark Visentin with a rebound.
11:47 of 2nd period - Snap shot by Corey Trivino.
11:47 of 2nd period - Shot Misses the Net.
12:01 of 2nd period - Carl Gunnarsson is hit by Mattias Tedenby and loses puck.
12:38 of 2nd period - Penalty to Daniel Zaar is over, Daniel Zaar is back on ice.
12:55 of 2nd period - Brett Lernout is hit by Nick Ritchie and loses puck.
13:34 of 2nd period - Penalty to Tyler Bozak is over, Tyler Bozak is back on ice.
13:42 of 2nd period - Snap shot by Stephane Da Costa.
13:42 of 2nd period - Stopped by Jean-Francois Berube with a rebound.
13:58 of 2nd period - Tyler Pitlick is hit by Nail Yakupov and loses puck.
14:25 of 2nd period - Icing by Daniel Zaar.
14:26 of 2nd period - Danton Heinen wins face-off versus Stephane Da Costa in Condors zone.
15:14 of 2nd period - Gustav Olofsson is hit by Danton Heinen and loses puck.
15:19 of 2nd period - Wrist shot by Nick Ritchie.
15:19 of 2nd period - Stopped by Mark Visentin without a rebound.
15:20 of 2nd period - Tyler Bozak wins face-off versus Anthony Nigro in Condors zone.
15:27 of 2nd period - Snap shot by Tyler Bozak.
15:27 of 2nd period - Stopped by Jean-Francois Berube without a rebound.
15:28 of 2nd period - Tyler Bozak wins face-off versus Corey Trivino in Rocket zone.
15:29 of 2nd period - Slapshot by Eric Gustafsson.
15:29 of 2nd period - Stopped by Jean-Francois Berube without a rebound.
15:30 of 2nd period - Tyler Bozak wins face-off versus Corey Trivino in Rocket zone.
15:31 of 2nd period - Wrist shot by Nail Yakupov.
15:31 of 2nd period - Stopped by Jean-Francois Berube with a rebound.
16:04 of 2nd period - Wrist shot by Danton Heinen.
16:04 of 2nd period - Shot Misses the Net.
16:06 of 2nd period - Wrist shot by Nick Ritchie.
16:06 of 2nd period - Stopped by Mark Visentin without a rebound.
16:07 of 2nd period - Jonathan Matsumoto wins face-off versus Frederik Gauthier in Condors zone.
16:47 of 2nd period - Minor Penalty to Tyler Bozak for Interference.
16:48 of 2nd period - Frederik Gauthier wins face-off versus Danton Heinen in Condors zone.
17:52 of 2nd period - Daniel Zaar is hit by Corey Trivino and loses puck.
18:29 of 2nd period - Mark Jankowski is hit by Corey Trivino and loses puck.
18:47 of 2nd period - Penalty to Tyler Bozak is over, Tyler Bozak is back on ice.
19:12 of 2nd period - Minor Penalty to Eric Gustafsson for Tripping.
19:13 of 2nd period - Corey Trivino wins face-off versus Frederik Gauthier in Condors zone.
Goals for this period are 0 for Condors vs 0 for Rocket.
Shots for this period are 9 for Condors vs 8 for Rocket.
3rd period
0:01 of 3rd period - Corey Trivino wins face-off versus Frederik Gauthier in neutral zone.
0:10 of 3rd period - Wrist shot by Adrian Kempe.
0:10 of 3rd period - Shot Blocked by Nail Yakupov.
0:12 of 3rd period - Snap shot by Danton Heinen.
0:12 of 3rd period - Shot Hit the Post.
0:14 of 3rd period - Snap shot by Adrian Kempe.
0:14 of 3rd period - Goal by Adrian Kempe - Condors : 1 - Rocket : 1.
0:15 of 3rd period - Alex Tuch wins face-off versus Corey Trivino in neutral zone.
0:28 of 3rd period - Wrist shot by Tyler Bozak.
0:28 of 3rd period - Shot Misses the Net.
0:30 of 3rd period - Slapshot by Eric Gustafsson.
0:30 of 3rd period - Stopped by Jean-Francois Berube with a rebound.
1:02 of 3rd period - Snap shot by Mattias Tedenby.
1:02 of 3rd period - Stopped by Mark Visentin without a rebound.
1:03 of 3rd period - Frederik Gauthier wins face-off versus Anthony Nigro in Condors zone.
1:03 of 3rd period - Frederik Gauthier is hit by Danton Heinen.
1:17 of 3rd period - Snap shot by Kasperi Kapanen.
1:17 of 3rd period - Stopped by Jean-Francois Berube without a rebound.
1:18 of 3rd period - Tyler Bozak wins face-off versus Jonathan Matsumoto in Rocket zone.
1:33 of 3rd period - Snap shot by Jonathan Matsumoto.
1:33 of 3rd period - Shot Misses the Net.
2:05 of 3rd period - Wrist shot by Stephane Da Costa.
2:05 of 3rd period - Shot Misses the Net.
2:07 of 3rd period - Snap shot by Daniel Zaar.
2:07 of 3rd period - Stopped by Jean-Francois Berube without a rebound.
2:08 of 3rd period - Corey Trivino wins face-off versus Stephane Da Costa in Rocket zone.
2:08 of 3rd period - Corey Trivino is hit by Stephane Da Costa.
3:22 of 3rd period - Snap shot by Stephane Da Costa.
3:22 of 3rd period - Stopped by Jean-Francois Berube with a rebound.
3:24 of 3rd period - Slapshot by Carl Gunnarsson.
3:24 of 3rd period - Shot Misses the Net.
3:26 of 3rd period - Wrist shot by Daniel Zaar.
3:26 of 3rd period - Shot Misses the Net.
3:28 of 3rd period - Wrist shot by Daniel Zaar.
3:28 of 3rd period - Shot Blocked by Andrei Mironov.
3:30 of 3rd period - Wrist shot by Stephane Da Costa.
3:30 of 3rd period - Shot Misses the Net.
3:34 of 3rd period - Wrist shot by Christian Thomas.
3:34 of 3rd period - Stopped by Jean-Francois Berube with a rebound.
3:52 of 3rd period - Wrist shot by Stephane Da Costa.
3:52 of 3rd period - Stopped by Jean-Francois Berube with a rebound.
3:54 of 3rd period - Slapshot by Carl Gunnarsson.
3:54 of 3rd period - Stopped by Jean-Francois Berube without a rebound.
3:55 of 3rd period - Tyler Bozak wins face-off versus Jonathan Matsumoto in Rocket zone.
4:44 of 3rd period - Brett Lernout is hit by Dominic Turgeon and loses puck.
4:51 of 3rd period - Snap shot by Alex Petrovic.
4:51 of 3rd period - Shot Misses the Net.
4:53 of 3rd period - Slapshot by Dominic Turgeon.
4:53 of 3rd period - Goal by Dominic Turgeon - Condors : 1 - Rocket : 2.
4:54 of 3rd period - Tyler Bozak wins face-off versus Jonathan Matsumoto in neutral zone.
5:09 of 3rd period - Snap shot by Tom Wilson.
5:09 of 3rd period - Stopped by Mark Visentin with a rebound.
5:34 of 3rd period - Dominic Turgeon is hit by Kasperi Kapanen.
5:35 of 3rd period - Icing by Dominic Turgeon.
5:36 of 3rd period - Tyler Bozak wins face-off versus Dominic Turgeon in Rocket zone.
5:47 of 3rd period - Slapshot by Nail Yakupov.
5:47 of 3rd period - Shot Blocked by Dominic Turgeon.
5:49 of 3rd period - Snap shot by Nail Yakupov.
5:49 of 3rd period - Goal by Nail Yakupov - Condors : 2 - Rocket : 2.
5:50 of 3rd period - Tyler Bozak wins face-off versus Corey Trivino in neutral zone.
5:55 of 3rd period - Snap shot by Nail Yakupov.
5:55 of 3rd period - Shot Blocked by Alex Petrovic.
6:11 of 3rd period - Minor Penalty to Carl Gunnarsson for Holding Stick.
6:12 of 3rd period - Corey Trivino wins face-off versus Frederik Gauthier in Condors zone.
6:27 of 3rd period - Slapshot by Nail Yakupov.
6:27 of 3rd period - Stopped by Jean-Francois Berube with a rebound.
6:37 of 3rd period - Brett Lernout is hit by Jonathan Matsumoto and loses puck.
6:58 of 3rd period - Slapshot by Zac Leslie.
6:58 of 3rd period - Shot Misses the Net.
7:30 of 3rd period - Brett Lernout is hit by Danton Heinen and loses puck.
8:11 of 3rd period - Penalty to Carl Gunnarsson is over, Carl Gunnarsson is back on ice.
9:24 of 3rd period - Snap shot by Nail Yakupov.
9:24 of 3rd period - Stopped by Jean-Francois Berube with a rebound.
9:40 of 3rd period - Snap shot by Nail Yakupov.
9:40 of 3rd period - Deflect By Carl Gunnarsson.
9:40 of 3rd period - Shot Blocked by Viktor Loov.
9:40 of 3rd period - Puck is out of play.
9:41 of 3rd period - Frederik Gauthier wins face-off versus Corey Trivino in Rocket zone.
12:00 of 3rd period - Christian Thomas is hit by Nick Ritchie and loses puck.
14:52 of 3rd period - Mark Jankowski is hit by Mattias Tedenby and loses puck.
15:03 of 3rd period - Ty Rattie is hit by Stephane Da Costa and loses puck.
16:20 of 3rd period - Adrian Kempe is hit by Eric Gustafsson and loses puck.
17:03 of 3rd period - Emil Djuse is hit by Adrian Kempe and loses puck.
18:00 of 3rd period - Minor Penalty to Andrey Pedan for Holding.
18:01 of 3rd period - Anthony Nigro wins face-off versus Tyler Bozak in Rocket zone.
18:33 of 3rd period - Slapshot by Carl Gunnarsson.
18:33 of 3rd period - Shot Blocked by Anthony Nigro.
18:35 of 3rd period - Snap shot by Nail Yakupov.
18:35 of 3rd period - Goal by Nail Yakupov - Condors : 3 - Rocket : 2.
18:36 of 3rd period - Anthony Nigro wins face-off versus Stephane Da Costa in neutral zone.
18:45 of 3rd period - Rocket, Jean-Francois Berube is pulled from the net.
18:51 of 3rd period - Snap shot by Danton Heinen.
18:51 of 3rd period - Shot Misses the Net.
19:29 of 3rd period - Snap shot by Nail Yakupov.
19:29 of 3rd period - Shot Misses the Net.
19:41 of 3rd period - Wrist shot by Tom Wilson.
19:41 of 3rd period - Deflect By Carl Gunnarsson.
19:41 of 3rd period - Stopped by Mark Visentin without a rebound.
19:42 of 3rd period - Gerard Gallant call a timeout for Rocket.
19:42 of 3rd period - Tyler Bozak wins face-off versus Mattias Tedenby in Condors zone.
19:44 of 3rd period - Minor Penalty to Eric Gustafsson for Roughing.
19:45 of 3rd period - Corey Trivino wins face-off versus Frederik Gauthier in Condors zone.
Goals for this period are 2 for Condors vs 2 for Rocket.
Shots for this period are 11 for Condors vs 5 for Rocket.